 Dungeon Crawl Stone Soup version 0.24-a0-525-g9231cdcba1 (webtiles) character file.

Game seed: 9367234883041508304

175985 Peloso the Peltast (level 17, -5/159 HPs)
             Began as a Minotaur Fighter on Aug 1, 2019.
             Was the Champion of Okawaru.
             Shot with an arrow by Vashnia (22 damage)
             ... on level 2 of the Snake Pit.
             The game lasted 01:36:17 (33725 turns).

Peloso the Peltast (Minotaur Fighter)              Turns: 33725, Time: 01:36:24

Health: -5/159     AC: 25    Str: 24    XL:     17   Next: 23%
Magic:  17/17      EV: 11    Int:  5    God:    Okawaru [******]
Gold:   911        SH: 26    Dex: 22    Spells: 16/16 levels left

rFire    + . .     SeeInvis .   a - +12 double sword of Pyromania {slice, rPois rF+ Dex+4}
rCold    + + .     Gourm    .   c - +2 large shield
rNeg     . . .     Faith    +   S - +1 plate armour {rC+}
rPois    .         Spirit   .   k - +1 hat
rElec    .         Reflect  .   j - scarf {cloud immunity}
rCorr    .         Harm     .   v - +3 pair of gauntlets of War {Slay+5}
MR       +....                  I - +0 pair of boots
Stlth    ..........             y - amulet of faith
HPRegen  0.36/turn              W - +4 ring of dexterity
MPRegen  0.15/turn              N - ring of protection from cold

@: lethally poisoned (-5 -> -6), poison vulnerable
A: retaliatory headbutt, horns 2
}: 1/15 runes: decaying
a: Heroism, Finesse, Renounce Religion


You were on level 2 of the Snake Pit.
You worshipped Okawaru.
Okawaru was exalted by your worship.
You were hungry.

You visited 6 branches of the dungeon, and saw 30 of its levels.
You also visited: Ice Cave.

You collected 3097 gold pieces.
You spent 2186 gold pieces at shops.

Inventory:

Hand Weapons
 a - the +12 double sword of Pyromania (weapon) {slice, rPois rF+ Dex+4}
   (Okawaru gifted it to you on level 2 of the Orcish Mines)

   It inflicts extra damage upon your enemies.
   It affects your dexterity (+4).
   It protects you from fire.
   It protects you from poison.
 b - the +5 double sword of Fimbulwinter {slice, +Rage}
   (Okawaru gifted it to you on level 14 of the Dungeon)

   It inflicts extra damage upon your enemies.
   It lets you go berserk.
 O - a +2 scimitar of flaming
Armour
 c - a +2 large shield (worn)
 j - a scarf of cloud immunity (worn)
 k - a +1 hat (worn)
 v - the +3 pair of gauntlets of War (worn) {Slay+5}
   (You found it in an ice cave)

   It affects your accuracy and damage with ranged weapons and melee attacks
   (+5).
 F - a +2 plate armour of poison resistance
 I - a +0 pair of boots (worn)
 S - a +1 plate armour of cold resistance (worn)
Jewellery
 q - an uncursed ring of see invisible
 y - an amulet of faith (around neck)
 E - an uncursed ring of protection from fire
 N - a ring of protection from cold (right hand)
 W - a +4 ring of dexterity (left hand)
Wands
 w - a wand of disintegration (11)
 Q - a wand of digging (10)
Scrolls
 e - 19 scrolls of remove curse
 g - a scroll of fear
 h - 6 scrolls of blinking {unknown}
 i - 2 scrolls of identify
 n - a scroll of summoning
 o - 2 scrolls of noise
 r - 4 scrolls of magic mapping
 u - a scroll of enchant armour
 D - 11 scrolls of teleportation
 H - 2 scrolls of vulnerability {unknown}
 R - 4 scrolls of random uselessness {unknown}
 U - a scroll of silence {unknown}
Potions
 d - 4 potions of might
 l - a potion of mutation
 m - 3 potions of berserk rage
 p - 6 potions of agility
 s - 7 potions of curing
 t - a potion of cancellation {unknown}
 z - 6 potions of haste
 A - a potion of invisibility
 G - 6 potions of heal wounds
 K - 3 potions of resistance
Comestibles
 f - 51 rations


   Skills:
 + Level 16.3 Fighting
 + Level 18.8 Long Blades
 + Level 16.0 Armour
 + Level 5.8 Dodging
 + Level 2.4 Stealth
 + Level 19.7 Shields
 + Level 0.1 Unarmed Combat
 + Level 2.3 Invocations
 + Level 0.5 Evocations


You had 16 spell levels left.
You didn't know any spells.
Your spell library contained the following spells:

 Spells                   Type           Power        Failure   Level  Hunger
 Animate Skeleton         Necr           N/A          100%        1    ##.....
 Apportation              Tloc           #.....       100%        1    ##.....
 Beastly Appendage        Tmut           #.....       100%        1    ##.....
 Confusing Touch          Hex            #.....       100%        1    ##.....
 Corona                   Hex            #......      100%        1    ##.....
 Flame Tongue             Conj/Fire      #....        100%        1    ##.....
 Freeze                   Ice            #...         100%        1    ##.....
 Infusion                 Chrm           #...         100%        1    ##.....
 Magic Dart               Conj           #...         100%        1    ##.....
 Pain                     Necr           #...         100%        1    ##.....
 Summon Small Mammal      Summ           #...         100%        1    ##.....
 Blink                    Tloc           N/A          100%        2    ###....
 Call Imp                 Summ           #.......     100%        2    ###....
 Ensorcelled Hibernation  Hex/Ice        #.....       100%        2    ###....
 Shroud of Golubria       Chrm/Tloc      #.....       100%        2    ###....
 Slow                     Hex            #.......     100%        2    ###....
 Song of Slaying          Chrm           #.......     100%        2    ###....
 Sticks to Snakes         Tmut           #.......     100%        2    ###....
 Throw Flame              Conj/Fire      #.....       100%        2    ###....
 Throw Frost              Conj/Ice       #.....       100%        2    ###....
 Call Canine Familiar     Summ           #.......     100%        3    ####...
 Confuse                  Hex            #.......     100%        3    ####...
 Conjure Flame            Conj/Fire      #.......     100%        3    ####...
 Dazzling Spray           Conj/Hex       #.....       100%        3    ####...
 Gell's Gravitas          Tloc           #.........   100%        3    ####...
 Inner Flame              Hex/Fire       #.......     100%        3    ####...
 Lesser Beckoning         Tloc           #.........   100%        3    ####...
 Mephitic Cloud           Conj/Pois/Air  #.......     100%        3    ####...
 Ozocubu's Armour         Chrm/Ice       #.......     100%        3    ####...
 Regeneration             Chrm/Necr      #.........   100%        3    ####...
 Spectral Weapon          Hex/Chrm       #.......     100%        3    ####...
 Spider Form              Tmut/Pois      #.........   100%        3    ####...
 Summon Guardian Golem    Hex/Summ       #.......     100%        3    ####...
 Teleport Other           Tloc           #.......     100%        3    ####...
 Tukima's Dance           Hex            #.......     100%        3    ####...
 Vampiric Draining        Necr           #.........   100%        3    ####...
 Animate Dead             Necr           N/A          100%        4    #####..
 Cause Fear               Hex            #.........   100%        4    #####..
 Ice Form                 Ice/Tmut       #.......     100%        4    #####..
 Passage of Golubria      Tloc           N/A          100%        4    #####..
 Petrify                  Tmut/Erth      #.......     100%        4    #####..
 Sticky Flame             Conj/Fire      #.......     100%        4    #####..
 Summon Ice Beast         Ice/Summ       #.......     100%        4    #####..
 Summon Lightning Spire   Summ/Air       #.......     100%        4    #####..
 Throw Icicle             Conj/Ice       #.......     100%        4    #####..
 Blade Hands              Tmut           #.........   100%        5    ######.
 Fireball                 Conj/Fire      #.........   100%        5    ######.
 Irradiate                Conj/Tmut      #.........   100%        5    ######.
 Metabolic Englaciation   Hex/Ice        #.........   100%        5    ######.
 Silence                  Hex/Air        #.........   100%        5    ######.
 Yara's Violent Unravell  Hex/Tmut       #.........   100%        5    ######.
 Deflect Missiles         Chrm/Air       #.........   100%        6    #######
 Hydra Form               Tmut           #.........   100%        6    #######
 Statue Form              Tmut/Erth      #........    100%        6    #######
 Dragon Form              Tmut           #.........   100%        7    #######
 Discord                  Hex            #.........   100%        8    #######


Dungeon Overview and Level Annotations

Branches:
Dungeon (15/15) Temple (1/1) D:4 Lair (6/6) D:9 Swamp (4/4) Lair:3 Snake (2/4) Lair:3 Slime (0/5) Lair:5 Orc (2/2) D:11 Elf (0/3) Orc:2 Vaults (0/5) D:13 D:14 Depths (0/5) D:15

Altars:
Ashenzari
Dithmenos
Fedhas
Kikubaaqudgha
Makhleb
Nemelex Xobeh
Okawaru
Qazlal
Ru
Trog
Uskayaw
Vehumet
Wu Jian
Xom
The Shining One
Beogh
Jiyva

Shops:
Orc:2 ?*=[   Snake:1 ?!}

Annotations:
Snake:2 Vashnia


Innate Abilities, Weirdness & Mutations

You reflexively headbutt those who attack you in melee.
You have a pair of horns on your head.


Message History

You block the bolt.
The naga sharpshooter unwields a +0 battleaxe.
The naga sharpshooter wields a +0 shortbow of flaming.
It bursts into flame!
The naga sharpshooter shoots an arrow.
You block the arrow. Vashnia spits poison at you.
The splash of poison hits you.
You are lethally poisoned!
* * * LOW HITPOINT WARNING * * *
The naga warrior gibbers meaninglessly.
Things that are here:
an arrow; 2 bolts You feel better.
* * * LOW HITPOINT WARNING * * *
You are poisoned.
You block the black mamba's attack.
The naga sharpshooter gestures wildly while chanting.
The naga sharpshooter magically shoots a bolt.
You block the bolt.
Vashnia shoots an arrow.
The arrow hits you!!
You die...

##...#†(.#.......}..
#...)#.....#........
#..†....#N..N... .#
#............).
#...#.N.......N...#.
#........[.##....
......#)..S......N!.
.....##..÷SS....#...
.......÷<#@...#(..#
..............$[.#..
........#.......#...
[.....####.....#..#.
...... ########..
...... #. ...### ##


You could see Vashnia, 3 naga sharpshooters, a naga ritualist and 3 black
mambas.

Vanquished Creatures
  Bai Suzhen (Swamp:4)
  Nikola (Swamp:3)
  A bone dragon (Swamp:4)
  Rupert (Lair:3)
  Frances (Snake:1)
  The ghost of Xivatz the Warrior, an adept MiFi of Cheibriados (Snake:1)
  Kirke (Lair:5)
  A nagaraja (Snake:2)
  A thorn hunter (Swamp:4)
  Louise (Swamp:2)
  The ghost of Richi the Severer, a journeyman HOFi of Okawaru (Snake:1)
  2 blizzard demons (IceCv)
  Snorg (D:11)
  2 fire dragons
  17 hydras
  2 naga warriors (Snake:1)
  The ghost of PeterQ the Covert, a journeyman GnAs of Uskayaw (D:11)
  An ice dragon (D:15)
  Fannar (Orc:1)
  A shambling mangrove (Swamp:3)
  A catoblepas (D:13)
  2 ghost crabs (Swamp:4)
  3 anacondas (Snake:2)
  7 two-headed ogres
  Erica (D:11)
  5 centaur warriors
  10 alligators
  A tengu warrior (D:13)
  Urug (Orc:1)
  7 naga sharpshooters (Snake:1)
  A shock serpent (Snake:2)
  An unseen horror (D:15)
  A naga ritualist (Snake:2)
  4 swamp dragons
  A lindwurm (Lair:6)
  2 phantasmal warriors (Swamp:4)
  3 orc knights
  15 ugly things
  2 mana vipers (Snake:1)
  A deep elf mage (D:12)
  A manticore (D:13)
  7 orc sorcerers (Orc:2)
  3 cyclopes
  22 black mambas
  Psyche (D:8)
  2 ice statues (IceCv)
  Joseph (D:7)
  A guardian serpent (Snake:1)
  2 naga magi (Snake:1)
  A kobold demonologist (D:13)
  2 molten gargoyles (Lair:6)
  4 rime drakes
  21 spiny frogs
  2 swamp worm zombies (Swamp:4)
  A yaktaur (D:15)
  15 komodo dragons
  2 tengu conjurers (D:14)
  3 anaconda simulacra (IceCv)
  11 ice devils (IceCv)
  3 hydra zombies (Swamp:4)
  3 meliai (D:15)
  6 trolls
  A polar bear (Lair:6)
  9 hornets
  7 alligator zombies (Swamp:4)
  8 tyrant leeches
  7 bog bodies
  9 hippogriffs
  9 slime creatures
  4 spectral swamp dragons (Swamp:4)
  18 blink frogs
  A meliai zombie (D:13)
  2 dire elephant simulacra (IceCv)
  6 spriggans
  2 wraiths
  A vampire (D:13)
  3 shadows
  27 yaks
  6 basilisks
  3 hogs (Lair:5)
  16 humans (D:13)
  3 wyverns
  37 vampire mosquitoes
  3 steam dragons
  A hungry ghost (D:10)
  10 swamp worms
  A harpy simulacrum (IceCv)
  11 wargs
  An iron troll simulacrum (IceCv)
  6 nagas
  2 soldier ants (D:10)
  4 hell hounds (Lair:6)
  20 insubstantial wisps
  2 hydra simulacra (IceCv)
  3 porcupines
  13 water moccasins
  4 swamp drakes
  An ettin simulacrum (IceCv)
  A hornet zombie (D:6)
  A sky beast (D:11)
  A necrophage (D:13)
  14 orc warriors
  6 ice beasts
  4 swamp dragon zombies (Swamp:4)
  10 ogres
  10 phantoms
  19 centaurs
  8 wolves
  15 crocodiles
  12 bullfrogs
  7 big kobolds
  A gnoll sergeant (D:9)
  A water moccasin zombie (D:5)
  3 scorpions
  13 killer bees
  23 wights
  2 howler monkeys
  9 crimson imps
  5 lava snakes (Lair:6)
  7 hounds
  A quasit (D:6)
  2 bullfrog zombies
  5 jellies
  6 centaur skeletons
  2 bullfrog skeletons
  A gnoll shaman (D:9)
  17 orc priests
  36 orc wizards
  Jessica (D:3)
  4 iguanas
  2 spectral swamp drakes (Swamp:4)
  9 worker ants
  6 hell rats (Lair:6)
  2 hound skeletons
  Robin (D:3)
  A worker ant zombie (D:10)
  23 gnolls
  17 adders
  2 swamp drake zombies (Swamp:4)
  3 shadow imps
  3 oozes
  2 worms
  2 adder skeletons
  5 dart slugs
  10 leopard geckos
  75 orcs
  4 giant cockroaches
  10 hobgoblins
  7 jackals
  31 kobolds
  3 quokkas
  A ball python (D:4)
  15 bats
  6 frilled lizards
  17 goblins
  2 quokka skeletons (D:4)
  10 rats
  A fungus (Lair:6)
  5 plants
1005 creatures vanquished.

Vanquished Creatures (others)
  A hydra (Swamp:3)
  A vampire mosquito (Swamp:4)
  A swamp worm (Swamp:3)
  An orc wizard (Orc:2)
  4 orcs (Orc:2)
  A bush (Lair:6)
  15 fungi
  4 plants
  2 withered plants (D:11)
30 creatures vanquished.

Grand Total: 1035 creatures vanquished

Notes
Turn   | Place    | Note
-------+----------+-------------------------------------------
     0 | D:1      | Peloso the Minotaur Fighter began the quest for the Orb.
     0 | D:1      | Reached XP level 1. HP: 19/19 MP: 0/0
   163 | D:1      | Reached skill level 4 in Shields
   163 | D:1      | Reached XP level 2. HP: 24/27 MP: 1/1
   490 | D:1      | Reached XP level 3. HP: 33/33 MP: 2/2
   765 | D:2      | Reached skill level 1 in Dodging
   917 | D:2      | Reached XP level 4. HP: 33/40 MP: 3/3
  1120 | D:2      | Reached XP level 5. HP: 21/46 MP: 4/4
  1402 | D:3      | Noticed Robin
  1416 | D:3      | Killed Robin
  1618 | D:3      | Noticed Jessica
  1630 | D:3      | Killed Jessica
  1630 | D:3      | Reached skill level 5 in Shields
  1630 | D:3      | Reached XP level 6. HP: 35/53 MP: 5/5
  1983 | D:4      | Reached skill level 5 in Long Blades
  1983 | D:4      | Reached skill level 5 in Armour
  2026 | D:4      | Found a staircase to the Ecumenical Temple.
  2467 | Temple   | Entered the Ecumenical Temple
  2482 | Temple   | Became a worshipper of Warmaster Okawaru
  2509 | D:5      | Entered Level 5 of the Dungeon
  2625 | D:5      | Reached skill level 5 in Fighting
  2625 | D:5      | Reached XP level 7. HP: 11/61 MP: 6/6
  2661 | D:5      | Reached skill level 6 in Shields
  3319 | D:5      | Reached * piety under Okawaru
  3490 | D:6      | Found a shadowy altar of Dithmenos.
  3594 | D:6      | Reached XP level 8. HP: 59/69 MP: 7/7
  3651 | D:6      | Found a bloodstained altar of Trog.
  3715 | D:6      | Reached skill level 7 in Shields
  3792 | D:6      | Reached ** piety under Okawaru
  4479 | D:7      | Noticed a hippogriff
  4485 | D:7      | Killed a hippogriff
  4485 | D:7      | Reached skill level 8 in Shields
  4584 | D:7      | Noticed a hippogriff
  4593 | D:7      | Killed a hippogriff
  4727 | D:7      | Noticed Joseph
  4759 | D:7      | Killed Joseph
  4759 | D:7      | Reached *** piety under Okawaru
  4759 | D:7      | Reached XP level 9. HP: 6/78 MP: 8/8
  5557 | D:8      | Noticed Psyche
  5572 | D:8      | Killed Psyche
  5572 | D:8      | Reached **** piety under Okawaru
  5893 | D:8      | Reached skill level 1 in Stealth
  5935 | D:8      | Reached skill level 9 in Shields
  6126 | D:8      | Reached skill level 10 in Long Blades
  6519 | D:9      | Found a staircase to the Lair.
  6524 | D:9      | Noticed a komodo dragon
  6549 | D:9      | Killed a komodo dragon
  6549 | D:9      | Reached XP level 10. HP: 27/86 MP: 6/9
  6959 | D:9      | Reached skill level 1 in Invocations
  8078 | D:9      | Reached skill level 10 in Shields
  8109 | D:9      | Reached ***** piety under Okawaru
  8170 | D:9      | Reached skill level 10 in Armour
  8678 | D:10     | Entered Level 10 of the Dungeon
  8696 | D:10     | Received a gift from Okawaru
  8938 | D:10     | Noticed a two-headed ogre
  8951 | D:10     | Killed a two-headed ogre
  9555 | D:11     | Reached XP level 11. HP: 88/94 MP: 10/10
  9564 | D:11     | Reached skill level 11 in Shields
  9595 | D:11     | Noticed Erica
  9607 | D:11     | Killed Erica
  9778 | D:11     | Noticed a red ugly thing
  9796 | D:11     | Killed a red ugly thing
  9961 | D:11     | Noticed a two-headed ogre
  9978 | D:11     | Killed a two-headed ogre
  9992 | D:11     | Noticed Snorg
 10029 | D:11     | Found a runed translucent door.
 10029 | D:11     | Noticed PeterQ's ghost (journeyman GnAs)
 10264 | D:11     | Noticed a white ugly thing
 10279 | D:11     | Killed a white ugly thing
 10367 | D:11     | Killed Snorg
 11039 | D:11     | Found a staircase to the Orcish Mines.
 11132 | D:11     | Reached skill level 12 in Shields
 11425 | D:12     | Noticed a deep elf mage
 11432 | D:12     | Killed a deep elf mage
 11700 | D:12     | Received a gift from Okawaru
 11704 | D:12     | Got an ancient demon blade {god gift}
 11705 | D:12     | Identified the +7 demon blade of Pride {elec, rF+ Str-3
                  | Int+7} (Okawaru gifted it to you on level 12 of the
                  | Dungeon)
 11805 | D:12     | Noticed a two-headed ogre
 11816 | D:12     | Killed a two-headed ogre
 11934 | D:12     | Noticed a two-headed ogre
 11938 | D:12     | Killed a two-headed ogre
 12153 | Lair:1   | Entered Level 1 of the Lair of Beasts
 12224 | Lair:1   | Reached XP level 12. HP: 82/105 MP: 12/12
 12290 | Lair:1   | Found a radiant altar of Vehumet.
 12361 | Lair:1   | Reached ****** piety under Okawaru
 12366 | Lair:1   | Found a transporter.
 12396 | Lair:1   | Found a transporter.
 12553 | Lair:1   | Noticed a five-headed hydra
 12560 | Lair:1   | Killed a one-headed hydra
 12854 | Lair:2   | Reached skill level 10 in Fighting
 12885 | Lair:2   | Reached skill level 13 in Shields
 12974 | Lair:2   | Received a gift from Okawaru
 13991 | Lair:3   | Found a staircase to the Swamp.
 14006 | Lair:3   | Noticed a four-headed hydra
 14015 | Lair:3   | Killed a one-headed hydra
 14182 | Lair:3   | Noticed Rupert
 14185 | Lair:3   | Paralysed by Rupert for 5 turns
 14201 | Lair:3   | Killed Rupert
 14201 | Lair:3   | Reached skill level 14 in Shields
 14201 | Lair:3   | Reached XP level 13. HP: 64/116 MP: 11/13
 14457 | Lair:3   | Found a staircase to the Snake Pit.
 15097 | Lair:4   | Received a gift from Okawaru
 16388 | D:11     | Killed PeterQ's ghost
 16388 | D:11     | Reached skill level 15 in Long Blades
 16484 | D:13     | Received a gift from Okawaru
 16983 | D:13     | Reached skill level 15 in Shields
 17662 | Lair:5   | Found an ancient bone altar of Kikubaaqudgha.
 17799 | Lair:5   | Noticed Kirke
 17816 | Lair:5   | Killed Kirke
 17816 | Lair:5   | Received a gift from Okawaru
 17819 | Lair:5   | Got a distressingly furry animal skin {god gift}
 17830 | Lair:5   | Identified the +4 animal skin of Bumeuli {Int+4} (Okawaru
                  | gifted it to you on level 5 of the Lair of Beasts)
 18089 | Lair:5   | Reached XP level 14. HP: 94/125 MP: 14/14
 18301 | Lair:5   | Found a viscous altar of Jiyva.
 18302 | Lair:5   | Found a staircase to the Slime Pits.
 18397 | Lair:6   | Entered Level 6 of the Lair of Beasts
 18470 | Lair:6   | Reached skill level 5 in Dodging
 18562 | Lair:6   | Found a large runed translucent door.
 19046 | Lair:6   | Received a gift from Okawaru
 19667 | Lair:6   | Reached skill level 16 in Shields
 19679 | Lair:6   | Found a large runed translucent door.
 20223 | Orc:1    | Entered Level 1 of the Orcish Mines
 20264 | Orc:1    | Noticed Fannar
 20282 | Orc:1    | Killed Fannar
 20282 | Orc:1    | Received a gift from Okawaru
 20531 | Orc:2    | Entered Level 2 of the Orcish Mines
 20711 | Orc:2    | Found Nolynuw's Jewellery Shop.
 20711 | Orc:2    | Found Sool's Antique Armour Shoppe.
 20811 | Orc:2    | Bought a cursed ring of teleportation for 58 gold pieces
 20824 | Orc:2    | Found a roughly hewn altar of Beogh.
 20864 | Orc:2    | Found Yvimofyo's Magic Scroll Shop.
 20864 | Orc:2    | Found Wuzynir's General Store.
 20900 | Orc:2    | Received a gift from Okawaru
 20901 | Orc:2    | Found a staircase to the Elven Halls.
 20949 | Orc:2    | Got a pitted double sword {god gift}
 20950 | Orc:2    | Identified the +12 double sword of Pyromania {slice, rPois
                  | rF+ Dex+4} (Okawaru gifted it to you on level 2 of the
                  | Orcish Mines)
 21040 | Orc:2    | Found a burning altar of Makhleb.
 21634 | Orc:1    | Noticed Urug
 21638 | Orc:1    | Killed Urug
 21746 | Orc:2    | Bought a scroll of acquirement for 832 gold pieces
 21755 | Orc:2    | Bought a scroll of acquirement for 832 gold pieces
 21755 | Orc:2    | Bought a scroll of amnesia for 56 gold pieces
 21766 | Orc:2    | Bought a scroll of identify for 32 gold pieces
 21766 | Orc:2    | Bought a scroll of identify for 32 gold pieces
 21766 | Orc:2    | Bought a scroll of identify for 32 gold pieces
 22080 | D:14     | Found a gate to the Vaults.
 22903 | D:14     | Received a gift from Okawaru
 22905 | D:14     | Reached XP level 15. HP: 101/136 MP: 15/15
 22953 | D:14     | Got a blackened double sword {god gift}
 22956 | D:14     | Identified the +5 double sword of Fimbulwinter {slice,
                  | +Rage} (Okawaru gifted it to you on level 14 of the
                  | Dungeon)
 23630 | D:15     | Entered Level 15 of the Dungeon
 23639 | D:15     | Reached skill level 17 in Shields
 23677 | D:15     | Received a gift from Okawaru
 24052 | D:15     | Found a sacrificial altar of Ru.
 24865 | D:15     | Received a gift from Okawaru
 24990 | D:15     | Found a staircase to the Depths.
 25306 | Lair:1   | Received a gift from Okawaru
 25962 | Swamp:1  | Entered Level 1 of the Swamp
 26575 | Swamp:1  | Received a gift from Okawaru
 26582 | Swamp:1  | Got a scorched long sword {god gift}
 26583 | Swamp:1  | Identified the +1 long sword of Focus {freeze, rN+++}
                  | (Okawaru gifted it to you on level 1 of the Swamp)
 27239 | Swamp:2  | Noticed Louise
 27255 | Swamp:2  | Killed Louise
 27329 | Swamp:2  | Reached skill level 18 in Shields
 27359 | Swamp:2  | Reached skill level 15 in Armour
 27381 | Swamp:2  | Received a gift from Okawaru
 27384 | Swamp:2  | Got an ebony scimitar {god gift}
 27385 | Swamp:2  | Identified the +4 scimitar "Cocsuf" {drain, rC++} (Okawaru
                  | gifted it to you on level 2 of the Swamp)
 27768 | Swamp:3  | Reached XP level 16. HP: 145/146 MP: 16/16
 27803 | Swamp:3  | Found a frozen archway.
 27961 | IceCv    | Entered an ice cave
 28274 | IceCv    | Reached skill level 15 in Fighting
 28549 | IceCv    | Found the +3 pair of gauntlets of War {Slay+5}
 28560 | IceCv    | Received a gift from Okawaru
 28809 | Swamp:3  | Noticed Nikola
 28952 | Swamp:3  | Killed Nikola
 29797 | Swamp:4  | Entered Level 4 of the Swamp
 29918 | Swamp:4  | Noticed Bai Suzhen
 29932 | Swamp:4  | Noticed a thorn hunter
 29948 | Swamp:4  | Killed a thorn hunter
 30010 | Swamp:4  | Killed Bai Suzhen
 30373 | Swamp:4  | Received a gift from Okawaru
 30605 | Swamp:4  | Reached skill level 19 in Shields
 31110 | Swamp:4  | Noticed a bone dragon
 31122 | Swamp:4  | Killed a bone dragon
 31175 | Swamp:4  | Got a decaying rune of Zot
 31801 | Snake:1  | Entered Level 1 of the Snake Pit
 32403 | Snake:1  | Found Maaffah's Magic Scroll Emporium.
 32407 | Snake:1  | Found Bouru's Distillery.
 32408 | Snake:1  | Found Betismuog's Gadget Emporium.
 32413 | Snake:1  | Bought a potion of mutation for 96 gold pieces
 32425 | Snake:1  | Bought a wand of digging (5) for 216 gold pieces
 32830 | Snake:1  | Found a runed translucent gate.
 32831 | Snake:1  | Found a runed translucent gate.
 32833 | Snake:1  | Found a runed translucent gate.
 32836 | Snake:1  | Noticed Richi's ghost (journeyman HOFi)
 32836 | Snake:1  | Noticed Xivatz's ghost (adept MiFi)
 32864 | Snake:1  | Killed Xivatz's ghost
 32864 | Snake:1  | Received a gift from Okawaru
 32864 | Snake:1  | Reached XP level 17. HP: 134/158 MP: 15/17
 32870 | Snake:1  | Killed Richi's ghost
 33001 | Snake:1  | Noticed Frances
 33012 | Snake:1  | Killed Frances
 33717 | Snake:2  | Noticed Vashnia
 33725 | Snake:2  | Shot with an arrow by Vashnia

Levels and vault maps discovered:
D:1:      minmay_arrival_shattered_statue, layout_loops_ring
D:2:      layout_basic, minmay_heptomino_l4
D:3:      layout_loops_ring, uniq_robin, uniq_jessica
D:4:      layout_cave_pools, minmay_temple_entry_sparse_star
D:5:      layout_basic, first_ration
D:6:      layout_loops_ring, nicolae_dithmenos_shadow_blocks, serial_rivers,
          chequers_serial_rivers_small_b, chequers_serial_rivers_marsh,
          chequers_serial_rivers_micro_c, chequers_serial_rivers_micro_e,
          corexii_shack, bloody_trog
D:7:      layout_basic, uniq_joseph
D:8:      layout_rooms, serial_rivers, chequers_serial_rivers_micro_d,
          chequers_serial_rivers_micro_a, chequers_serial_rivers_large_a,
          chequers_serial_rivers_micro_d, uniq_psyche
D:9:      kennysheep_housing_project, layout_long_grid, david_lair_shrubbed
D:10:     layout_basic, hangedman_pestilent_swarm
D:11:     layout_basic, gammafunk_ghost_grave, uniq_snorg, uniq_erica
D:12:     layout_cross, serial_column_ruins, column_ruins_open_medium,
          column_ruins_grid_2, column_ruins_open_tiny, column_ruins_grid_1,
          column_ruins_open_tiny, column_ruins_columns_straight,
          column_ruins_columns_straight
D:13:     layout_long_grid, lightli_fourway_metalbox
D:14:     layout_rooms, david_vaults_3
D:15:     grunt_enter_depths_hoard, layout_irregular_city,
          nicolae_ru_awakened_eye
Temple:   compressed_dpeg_circular_temple
Lair:1:   gammafunk_cloud_chamber, layout_regular_city, basic_altar,
          infiniplex_staircase_pool
Lair:2:   layout_chaotic_city, grunt_megastairs_1, infiniplex_staircase_pool_2
Lair:3:   layout_layer_cave, minmay_swamp_entry_swarm,
          minmay_snake_entry_guardpost_small, serial_bayou_pond_d, pond,
          uniq_rupert
Lair:4:   layout_cave_shapes, serial_bayou_shore_b, serial_bayou_shore_b,
          grunt_megastairs_4
Lair:5:   layout_regular_city, slime_altar_1, basic_altar, uniq_kirke
Lair:6:   cheibrodos_lair_end_hotspot, layout_misc_corridors
Swamp:1:  layout_basic_swamp, hangedman_swamp_lotus
Swamp:2:  layout_falls_marsh, evilmike_swamp_ruin_house_3, swamp_pool1,
          uniq_louise
Swamp:3:  layout_basic_swamp, portal_ice_cave_entry_pillars_2,
          hangedman_swamp_ruin_wall, uniq_nikola
Swamp:4:  swamp_pestilence, layout_basic_swamp, uniq_bai_suzhen
Snake:1:  layout_layer_cave, gammafunk_ghost_cemetery, lemuel_fruit_tree,
          minmay_shop_star, uniq_frances
Snake:2:  nicolae_cobra_stairs, layout_onion_interference, st_stairs_8,
          lightli_airlock, serial_bayou_shore_a, uniq_aizul, uniq_vashnia
Orc:1:    layout_caves, uniq_urug, uniq_fannar
Orc:2:    st_orc_town, layout_caves, basic_altar

Skill      XL: |  1  2  3  4  5  6  7  8  9 10 11 12 13 14 15 16 17 |
---------------+----------------------------------------------------+-----
Armour         | 4 5 6 7 9 10 11 12 13 14 15 16 | 16.0
Shields        | 4 5 6 8 9 10 12 14 15 16 18 19 | 19.7
Fighting       | 4 5 6 7 8 9 11 12 13 14 16 | 16.3
Long Blades    | 3 4 5 6 8 10 11 13 14 15 16 17 18 | 18.8
Dodging        | 1 2 3 4 5 |  5.8
Stealth        | 1 2 |  2.4
Invocations    | 1 2 |  2.3
Unarmed Combat | |  0.1
Evocations     | |  0.5

Action                   |  1- 3 |  4- 6 |  7- 9 | 10-12 | 13-15 | 16-18 || total
-------------------------+-------+-------+-------+-------+-------+-------++-------
Melee: Long sword        |    91 |   226 |   382 |   375 |       |       ||  1074
       Headbutt          |    14 |    44 |    91 |   159 |   304 |   157 ||   769
       Unarmed           |       |       |     1 |       |     1 |       ||     2
       Scimitar          |       |       |       |   178 |    47 |     3 ||   228
       Demon blade       |       |       |       |   232 |   723 |       ||   955
       Double sword      |       |       |       |       |   446 |   454 ||   900
Invok: Heroism           |       |       |     2 |    12 |     3 |     4 ||    21
Evoke: Wand              |       |       |       |       |       |     4 ||     4
  Use: Scroll            |       |       |     9 |     7 |     8 |     6 ||    30
       Potion            |       |       |     1 |     5 |       |     4 ||    10
  Eat: Chunk             |       |     5 |    14 |    22 |    29 |     6 ||    76
       Ration            |       |       |       |     1 |     4 |     4 ||     9
Armor: Scale mail        |    41 |    32 |       |       |       |       ||    73
       Chain mail        |       |    77 |       |       |       |       ||    77
       Plate armour      |       |     2 |   190 |   350 |   517 |   259 ||  1318
Dodge: Dodged            |    23 |    70 |    80 |   224 |   365 |   201 ||   963
Block: Shield            |    53 |   147 |   233 |   551 |   868 |   396 ||  2248
       Large shield      |       |       |       |       |       |   132 ||   132
       Rpst.: Long sword |     6 |    17 |    16 |    36 |       |       ||    75
       Scimitar          |       |       |       |    12 |     2 |       ||    14
       Demon blade       |       |       |       |    18 |    38 |       ||    56
       Double sword      |       |       |       |       |    40 |    30 ||    70

Table legend:
 A = Non-vault XP
 B = Vault XP
 C = Vault XP percentage of total XP
 D = Non-vault monster count
 E = Vault monster count
 F = Vault count percentage of total count
                 A         B        C        D         E       F
            +---------+---------+-------+---------+---------+-------
      Total |  148716 |   84121 |  36.1 |     723 |     278 |  27.8
            +---------+---------+-------+---------+---------+-------
        D:1 |      41 |       0 |   0.0 |      20 |       0 |   0.0
        D:2 |     167 |       4 |   2.3 |      31 |       2 |   6.1
        D:3 |     131 |      73 |  35.8 |      31 |      12 |  27.9
        D:4 |     292 |       0 |   0.0 |      18 |       0 |   0.0
        D:5 |     542 |       0 |   0.0 |      15 |       0 |   0.0
        D:6 |     767 |       1 |   0.1 |      23 |       1 |   4.2
        D:7 |    1075 |     455 |  29.7 |      15 |       1 |   6.2
        D:8 |    1158 |     463 |  28.6 |      22 |       1 |   4.3
        D:9 |    2125 |    1248 |  37.0 |      42 |      31 |  42.5
       D:10 |    1912 |     377 |  16.5 |      15 |       4 |  21.1
       D:11 |    4954 |    2962 |  37.4 |      42 |       3 |   6.7
       D:12 |    3953 |       0 |   0.0 |      29 |       0 |   0.0
       D:13 |   11216 |    6170 |  35.5 |      39 |      22 |  36.1
       D:14 |    8214 |    1503 |  15.5 |      31 |       2 |   6.1
       D:15 |   12446 |    1974 |  13.7 |      33 |       2 |   5.7
     Lair:1 |    3946 |    3845 |  49.4 |      15 |       7 |  31.8
     Lair:2 |    4994 |     943 |  15.9 |      21 |       5 |  19.2
     Lair:3 |    6156 |    4590 |  42.7 |      22 |      11 |  33.3
     Lair:4 |    4047 |     982 |  19.5 |      17 |       5 |  22.7
     Lair:5 |    3859 |    2568 |  40.0 |      13 |       4 |  23.5
     Lair:6 |   11281 |    7811 |  40.9 |      44 |      27 |  38.0
    Swamp:1 |   12035 |       0 |   0.0 |      36 |       0 |   0.0
    Swamp:2 |    8357 |    1649 |  16.5 |      27 |       1 |   3.6
    Swamp:3 |    6394 |    4295 |  40.2 |      11 |       1 |   8.3
    Swamp:4 |   13418 |   19522 |  59.3 |      30 |      48 |  61.5
    Snake:1 |   14633 |    6271 |  30.0 |      26 |       3 |  10.3
    Snake:2 |    7127 |       0 |   0.0 |       9 |       0 |   0.0
      Orc:1 |    1269 |    1810 |  58.8 |      15 |       2 |  11.8
      Orc:2 |    2207 |    5655 |  71.9 |      31 |      58 |  65.2
      IceCv |       0 |    8950 | 100.0 |       0 |      25 | 100.0
            +---------+---------+-------+---------+---------+-------
